AoeStats
← GhostyD

Oasis

509932865Analyzed
2v2 RM · 3d ago on Sep 28, 2026· 33m 2s· 4 players
Game mode
Random Map
Map size
Medium (4 player)
Population
200
Speed
Normal
Resources
Standard
Victory
Conquest
Starting age
Dark Age
Ending age
Imperial Age
RankedLock teamsTeams togetherTeam positionsShared explorationLock speedFull tech treeHidden civsTurbo modeCheats
Victory
Defeat
🇳🇴 Mongols · Norway
1305
+13
🇳🇴 Danes · Norway
1275
+15
🇩🇪 Spanish · Germany
1282
-15
🇩🇪 Persians · Germany
1212
-13
MS-Skitat
3:30 Loom
11:34 Feudal Age
18:10 Castle Age
18:42 Double-Bit Axe
21:17 Pikeman
22:42 Gambesons
22:58 Squires
22:44 Arson
23:25 Scale Mail Armor
23:36 Forging
25:06 Chain Mail Armor
26:19 Iron Casting
GhostyD
5:20 Loom
7:49 Loom
10:15 Feudal Age
11:02 Double-Bit Axe
15:25 Fletching
18:17 Castle Age
17:24 Horse Collar
18:47 Stone Mining
20:36 Bow Saw
22:38 Bodkin Arrow
24:45 Gold Mining
25:17 Heavy Plow
29:08 Wheelbarrow
34:06 Imperial Age
33:29 Ballistics
Mo...
6:09 Loom
8:41 Feudal Age
9:02 Double-Bit Axe
16:15 Gold Mining
16:06 Horse Collar
20:32 Castle Age
18:53 Bloodlines
19:05 Scale Barding Armor
19:42 Forging
21:24 Chain Barding Armor
21:44 Iron Casting
21:42 Bow Saw
23:25 Husbandry
23:38 Heavy Plow
25:09 Wheelbarrow
25:06 Fervor
25:39 Fletching
27:12 Gold Shaft Mining
26:27 Stone Mining
27:19 Town Watch
27:24 Crossbowman
30:18 Thumb Ring
30:57 Bodkin Arrow
Blyatman
10:51 Feudal Age
15:08 Castle Age
13:25 Double-Bit Axe
13:39 Horse Collar
14:50 Gold Mining
17:42 Loom
25:56 Padded Archer Armor
27:22 Leather Archer Armor
31:45 Bow Saw
31:39 Heavy Plow
Connection lost

Rejoining the realm…

Still unreachable

The connection could not be restored.

Session expired

The server has moved on; the page needs a fresh start.